 Dungeon Sprint DCSS version 0.31-a0-632-g766dd24fdf (webtiles) character file.

Game seed: 15289429384818339538

114 sircluck the Ruffian (level 4, -8/50 HPs)
             Began as a Troll Chaos Knight on Aug 25, 2023.
             Was a Plaything of Xom.
             Mangled by a fire elemental (10 damage)
             ... summoned by a deep elf pyromancer
             ... in the Dungeon (Sprint III: "The Ten Rune Challenge").
             The game lasted 00:00:46 (169 turns).

sircluck the Ruffian (Troll Chaos Knight)            Turns: 169, Time: 00:00:46

Health: -8/50      AC:  7    Str: 22    XL:     4   Next: 67%
Magic:  3/3        EV: 10    Int:  8    God:    Xom [..*...]
Gold:   22         SH:  0    Dex:  9    Spells: 3/3 levels left

rFire   . . .        k - +3 quarterstaff (chaos)
rCold   . . .        (shield currently unavailable)
rNeg    . . .        a - +2 robe
rPois   .            (helmet restricted)
rElec   .            l - +0 cloak
rCorr   .            (gloves unavailable)
SInv    .            (boots unavailable)
Will    .....        (no amulet)
Stlth   +            (no ring)
HPRegen 1.08/turn    (no ring)
MPRegen 0.08/turn

%: no teleportation
@: attractive
A: large, unfitting armour, claws 3, regeneration 1, shaggy fur 1, tough skin 1
a: Renounce Religion


You were in the Dungeon.
You worshipped Xom.
You were a toy of Xom.
You visited 1 branch You collected 22 gold pieces.

Inventory:

Hand Weapons
 k - a +3 quarterstaff of chaos (weapon)
Armour
 a - a +2 robe (worn)
 l - a +0 cloak (worn)
Scrolls
 b - a scroll of butterflies
 h - a scroll of blinking
 i - a scroll of immolation {unknown}
 j - a scroll of brand weapon {unknown}
 n - a scroll of torment {unknown}
 o - 3 scrolls of identify
 r - a scroll of poison {unknown}
Potions
 c - a potion of curing
 d - a potion of heal wounds
 e - a potion of haste
 f - 2 potions of magic
 g - a potion of berserk rage
 m - 4 potions of mutation
 p - a potion of degeneration {unknown}
 q - 2 potions of enlightenment {unknown}


   Skills:
 + Level 5.1 Fighting
 + Level 4.8 Dodging
 + Level 6.1 Unarmed Combat


You had 3 spell levels left.
You didn't know any spells.
Your spell library was empty.

Dungeon Overview and Level Annotations

Branches:
Dungeon (1/1)

Altars:
Elyvilon
Zin
The Shining One


Innate Abilities, Weirdness & Mutations

You are too large for most types of armour.
You have claws for hands.
Your natural rate of healing is unusually fast.
You are covered in fur. (AC +1)
You have tough skin. (AC +1)


Message History

Xom grants you a minor favour.
You feel attractive to monsters.
The deep elf pyromancer gestures wildly while chanting.
The deep elf pyromancer is attracted toward you.
There is an open door here.
You barely miss the deep elf pyromancer.
The fire elemental barely misses you.
The deep elf pyromancer hits you with a +2 long sword of holy wrath.
You sock the deep elf pyromancer!
The deep elf pyromancer's magic leaks into the air.
The deep elf pyromancer is moderately wounded.
The fire elemental hits you. The fire elemental burns you!
The deep elf pyromancer closely misses you.
The fire elemental completely misses you.
You closely miss the deep elf pyromancer.
The deep elf pyromancer is moderately wounded.
The fire elemental hits you. The fire elemental burns you!
You emit a cloud of colourful smoke!
The deep elf pyromancer closely misses you.
The fire elemental closely misses you.
You closely miss the deep elf pyromancer.
The deep elf pyromancer is moderately wounded.
The deep elf pyromancer closely misses you.
The fire elemental hits you. The fire elemental burns you!
The deep elf pyromancer falters for a moment.
You thump the deep elf pyromancer!
The deep elf pyromancer looks as sick as possible!
The deep elf pyromancer is severely wounded.
The fire elemental closely misses you.
The deep elf pyromancer hits you with a +2 long sword of holy wrath!
* * * LOW HITPOINT WARNING * * *
The fire elemental hits you. The fire elemental burns you!
* * * LOW HITPOINT WARNING * * *
You hit the deep elf pyromancer.
The deep elf pyromancer is severely wounded.
The fire elemental hits you.
* * * LOW HITPOINT WARNING * * *
The fire elemental burns you!
You die...
Xom chortles!

▓▓▓▓ ▓▓▓ ...####
##.#####
......#####..#__E#
.......#..#..#!Ee#
#.##...#..#..###@#+###+#
#.###..##'#..#.§§§......
##.##..###...'.⌠........
..##.†####...#...######+
..##..###....#.⌠.#
.##...##.....#...#
##....#......#+###
##..##.#..†..#
#..#####....#


You could see a deep elf pyromancer (extremely poisoned, magic disrupted) and 2
fire elementals.

Vanquished Creatures
  A water elemental (D)
  Crazy Yiuf (D)
  A human (D)
  4 rats (D)
7 creatures vanquished.

Notes
Turn   | Place    | Note
-------+----------+-------------------------------------------
     0 | D        | sircluck the Troll Chaos Knight began the quest for the
                  | Orb.
     0 | D        | Reached XP level 1. HP: 22/22 MP: 0/0
    52 | D        | XOM: potion effect (invisibility)
    74 | D        | Reached skill level 4 in Unarmed Combat
    74 | D        | Reached XP level 2. HP: 31/31 MP: 1/1
    81 | D        | Noticed Crazy Yiuf
    87 | D        | Killed Crazy Yiuf
    88 | D        | Reached skill level 5 in Unarmed Combat
    88 | D        | Reached XP level 3. HP: 20/39 MP: 2/2
   108 | D        | Noticed a water elemental
   113 | D        | Killed a water elemental
   114 | D        | Reached skill level 5 in Fighting
   114 | D        | Reached skill level 6 in Unarmed Combat
   114 | D        | Reached XP level 4. HP: 17/50 MP: 3/3
   143 | D        | XOM: silly message
   162 | D        | Found a glowing silver altar of Zin.
   162 | D        | Found a glowing golden altar of the Shining One.
   162 | D        | Found a white marble altar of Elyvilon.
   162 | D        | Noticed a deep elf pyromancer
   163 | D        | XOM: potion effect (attraction)
   164 | D        | Noticed a fire elemental
   164 | D        | Noticed a fire elemental
   166 | D        | XOM: smoke on damage
   168 | D        | HP: 1/50 [fire elemental[a deep elf pyromancer] (8)]
   169 | D        | Mangled by a fire elemental

Illustrated notes

Levels and vault maps discovered:
D:        dungeon_sprint_mu [sprint_mu_entry_cave, sprint_mu_temple_rooms,
          sprint_mu_d1_horrors, sprint_mu_d2_genie, sprint_mu_d3_branching,
          sprint_mu_orc_legion, sprint_mu_elf_gauntlet, sprint_mu_hive_nellie,
          sprint_mu_lair_fedhas, sprint_mu_vaults_butterflies,
          sprint_mu_slime_circle, sprint_mu_swamp_cave, sprint_mu_snake_twists,
          sprint_mu_blade_basic, sprint_mu_crypt_fortress,
          sprint_mu_tomb_spiral, sprint_mu_vestibule_basic,
          sprint_mu_gehenna_hellfire, sprint_mu_dis_giant,
          sprint_mu_tartarus_statrot, sprint_mu_cocytus_islands, sprint_mu_zot1]

Skill      XL: |  1  2  3 |
---------------+----------+-----
Dodging        | 3 4 |  4.8
Fighting       | 3 4 5 |  5.1
Unarmed Combat | 4 5 6 |  6.1

Action                     |  1- 3 |  4- 6 || total
---------------------------+-------+-------++-------
  Melee: Unarmed           |    22 |       ||    22
         Punch             |     1 |       ||     1
         Quarterstaff      |     4 |     6 ||    10
   Stab: Sleeping          |     1 |       ||     1
         Invisible         |     1 |       ||     1
 Armour: Robe              |     2 |     4 ||     6
  Dodge: Dodged            |     9 |     7 ||    16

Table legend: (Time is in decaauts)
 A = Elapsed time spent in this place.
 B = Non-inter-level travel time spent in this place.
 C = Inter-level travel time spent in this place.
 D = Time resting spent in this place.
 E = Time spent auto-exploring this place.
 F = Levels seen in this place.
 G = Mean time per level.
                   A        B        C        D        E       F      G
               +--------+--------+--------+--------+--------+-----+--------+
         Total |    169 |    169 |      0 |      0 |     84 |   1 |  169.0 |
       Dungeon |    169 |    169 |      0 |      0 |     84 |   1 |  169.0 |
               +--------+--------+--------+--------+--------+-----+--------+

Top non-repeatable levels by time:
       D: 169 daAuts
